 Dungeon Crawl Stone Soup version 0.29-a0-506-ga2e7fffb44 (webtiles) character file.

Game seed: 9674373635692448676

29256 Pelinal the Severer (level 13, 69/111 HPs)
             Began as a Hill Orc Fighter on May 29, 2022.
             Was the Champion of Okawaru.
             Quit the game on level 3 of the Lair of Beasts.
             The game lasted 00:22:28 (15051 turns).

Pelinal the Severer (Hill Orc Fighter)             Turns: 15051, Time: 00:22:29

Health: 69/111     AC: 18    Str: 20    XL:     13   Next: 44%
Magic:  31/31      EV: 12    Int:  8    God:    Okawaru [******]
Gold:   828        SH: 11    Dex: 14    Spells: 12/12 levels left

rFire   . . .      SeeInvis .   N - +1 war axe (drain)
rCold   + + +      Faith    .   c - +0 buckler
rNeg    . . .      Spirit   .   n - +2 scale mail {rPois}
rPois   +          Reflect  +   m - +0 helmet
rElec   +          Harm     .   Q - +2 cloak
rCorr   .          Rampage  .   f - +0 pair of gloves
Will    +....                   j - +0 pair of boots
Stlth   ..........              U - amulet of reflection
HPRegen 0.28/turn               a - ring of willpower
MPRegen 0.22/turn               z - ring of Linylo {Drain rElec rPois rC+++ MP+9}

@: no status effects
A: no striking features
a: Renounce Religion, Heroism, Finesse, Duel


You were on level 3 of the Lair of Beasts.
You worshipped Okawaru.
Okawaru was exalted by your worship.
You visited 2 branches of the dungeon, and saw 13 of its levels.
You also visited: Bailey.

You collected 828 gold pieces.

Inventory:

Hand Weapons
 x - a +2 vorpal fustibalus
 N - a +1 war axe of draining (weapon)
Missiles
 J - 6 poisoned darts (quivered)
 P - a throwing net
 S - 6 curare-tipped darts
Armour
 c - a +0 buckler (worn)
 f - a +0 pair of gloves (worn)
 j - a +0 pair of boots (worn)
 m - a +0 helmet (worn)
 n - a +2 scale mail of poison resistance (worn)
 Q - a +2 cloak (worn)
Jewellery
 a - a ring of willpower (left hand)
 l - a +4 ring of evasion
 y - a +4 ring of protection
 z - the ring of Linylo (right hand) {Drain rElec rPois rC+++ MP+9}
   (You found it on level 4 of the Dungeon)

   [ring of magical power]

   rC:        It renders you almost immune to cold.
   rElec:     It insulates you from electricity.
   rPois:     It protects you from poison.
   MP:        It affects your magic capacity (+9).
   Drain:     It drains your maximum health when unequipped.
 D - a +6 ring of intelligence
 M - an amulet of the acrobat
 U - an amulet of reflection (around neck)
Wands
 k - a wand of flame (74)
 L - a wand of iceblast (3)
 O - a wand of acid (3)
 R - a wand of paralysis (1)
 V - a wand of mindburst (8)
Scrolls
 b - 4 scrolls of vulnerability
 e - 7 scrolls of teleportation
 h - 2 scrolls of magic mapping
 i - 3 scrolls of enchant armour {unknown}
 o - 3 scrolls of poison
 p - 2 scrolls of blinking {unknown}
 r - a scroll of amnesia
 t - 2 scrolls of summoning {unknown}
 w - 2 scrolls of immolation {unknown}
 A - a scroll of silence {unknown}
 C - 4 scrolls of fog
 F - a scroll of torment {unknown}
 K - a scroll of acquirement {unknown}
 T - 2 scrolls of fear {unknown}
Potions
 d - 4 potions of might
 g - a potion of berserk rage {unknown}
 q - a potion of flight {unknown}
 s - 6 potions of magic
 u - 3 potions of cancellation
 v - 4 potions of resistance
 B - 5 potions of haste
 E - 4 potions of curing
 G - a potion of mutation {unknown}
 H - 2 potions of lignification
 I - a potion of ambrosia {unknown}
 X - 6 potions of heal wounds
 Y - a potion of brilliance


   Skills:
 + Level 9.2 Fighting
 - Level 17.2 Axes
 + Level 9.3 Armour
 + Level 6.3 Dodging
 + Level 9.2 Shields
 - Level 12.4 Invocations
 + Level 2.0 Evocations


You had 12 spell levels left.
You didn't know any spells.
Your spell library contained the following spells:

 Spells                   Type           Power      Damage    Failure   Level
 Necrotize                Necr           0%         1d4       78%         1
 Sandblast                Erth           0%         2d4       78%         1
 Passwall                 Tmut/Erth      0%         N/A       89%         2
 Static Discharge         Conj/Air       0%         N/A       89%         2
 Frozen Ramparts          Ice            0%         1d2       98%         3
 Inner Flame              Hex/Fire       0%         N/A       98%         3
 Stone Arrow              Conj/Erth      0%         3d7       98%         3
 Vampiric Draining        Necr           0%         2d6       98%         3
 Airstrike                Air            0%         N/A       100%        4
 Cause Fear               Hex            0%         N/A       100%        4
 Ice Form                 Ice/Tmut       0%         N/A       100%        4
 Agony                    Necr           0%         N/A       100%        5
 Lightning Bolt           Conj/Air       0%         1d11      100%        5
 Discord                  Hex            0%         N/A       100%        8
 Maxwell's Capacitive Co  Air            0%         ∞         100%        8
 Summon Ice Beast         Ice/Summ       Unusable   N/A       N/A         4
 Summon Lightning Spire   Summ/Air       Unusable   N/A       N/A         4

Dungeon Overview and Level Annotations

Branches:
Dungeon (10/15)            Temple (0/1) D:7            Lair (3/6) D:10
 Shoals (0/4) Lair:3          Orc (0/2) D:10         Bailey (visited)
  Snake: Lair:2-4    Spider: Lair:2-4

Altars:
Ashenzari
Cheibriados
Kikubaaqudgha
Makhleb
Okawaru
Ru
The Shining One
Beogh

Shops:
D:1 =   D:4 !   D:7 :=   D:8 (


Message History

The seven-headed hydra bites you but does no damage.
You block the seven-headed hydra's attack.
The seven-headed hydra closely misses you.
The seven-headed hydra bites you. x2
The seven-headed hydra bites you but does no damage.
You block the seven-headed hydra's attack.
Unknown command.
Aiming: Throw Flame
Press: ? - help, Shift-Dir - straight line, f/p - seven-headed hydra
Aim: a seven-headed hydra (90% to hit)
The puff of flame hits the seven-headed hydra.
The seven-headed hydra is lightly wounded.
The seven-headed hydra closely misses you.
The seven-headed hydra bites you!
The seven-headed hydra bites you but does no damage. x3
You block the seven-headed hydra's attack. x2
Unknown command.
Aiming: Throw Flame
Press: ? - help, Shift-Dir - straight line, f/p - seven-headed hydra
Aim: a seven-headed hydra (lightly wounded, 90% to hit)
The puff of flame hits the seven-headed hydra!
The seven-headed hydra is lightly wounded.
The seven-headed hydra bites you!
You block the seven-headed hydra's attack.
The seven-headed hydra bites you.
You block the seven-headed hydra's attack. x2
The seven-headed hydra bites you but does no damage.
The seven-headed hydra bites you.
Aiming: Throw Flame
Press: ? - help, Shift-Dir - straight line, f/p - seven-headed hydra
Aim: a seven-headed hydra (lightly wounded, 90% to hit)
The puff of flame hits the seven-headed hydra!
The seven-headed hydra is moderately wounded.
The seven-headed hydra bites you but does no damage.
The seven-headed hydra misses you.
The seven-headed hydra bites you but does no damage.
The seven-headed hydra bites you!
You block the seven-headed hydra's attack. x2
The seven-headed hydra bites you but does no damage.
Are you sure you want to abandon this character and quit the game? (Confirm with "yes".)

# # #.......##.....#
### #........#.....#
..#######..............
.>....................
........^...........#
.#######.#..........##
## #...........# #
#......@.?.# #
#...####D..# # #..##
#...# # ##..## ...# #
#...P# .## # #...## .#
# ##...# # ## #..## .#
#..##


You could see a seven-headed hydra.

Vanquished Creatures
  Harold (D:10)
  A centaur warrior (D:10)
  2 hydras
  2 orc knights
  Maurice (D:9)
  A black mamba (Lair:1)
  A gargoyle (D:8)
  An unseen horror (D:10)
  A rime drake (Lair:2)
  Maggie (D:7)
  A freezing wraith (D:10)
  Psyche (D:9)
  2 cane toads
  3 komodo dragons
  2 polar bears
  A hornet (D:8)
  Prince Ribbit (D:7)
  5 blink frogs (Lair:1)
  2 wraiths (D:10)
  31 yaks
  A basilisk (Lair:2)
  2 steam dragons
  7 water moccasins
  An acid dragon (D:10)
  2 orc warriors
  Duvessa (D:4)
  2 ice beasts
  A black bear (D:4)
  A sky beast (D:8)
  A centaur (D:10)
  42 wolves (Lair:1)
  An ogre (D:4)
  2 phantoms
  4 gnoll sergeants
  2 kobold brigands
  9 bullfrogs
  2 necrophages
  A scorpion (D:4)
  9 wights
  Dowan (D:4)
  9 killer bees
  6 howler monkeys
  An electric eel (Lair:2)
  A jelly (D:4)
  3 orc priests
  4 hounds
  Natasha (thrice) (D:3)
  Jessica (D:2)
  Terence (D:2)
  A gnoll shaman (D:6)
  An iguana (D:5)
  6 orc wizards
  A hound skeleton (D:8)
  Robin (D:3)
  33 gnolls
  6 adders
  An ufetubus (D:6)
  4 dart slugs
  42 orcs
  11 bats
  8 endoplasms
  3 giant cockroaches
  19 goblins
  14 hobgoblins
  4 jackals (D:1)
  2 quokkas
  3 ball pythons
  4 frilled lizards
  13 kobolds
  5 rats
364 creatures vanquished.

Vanquished Creatures (others)
  6 fungi
  19 plants
25 creatures vanquished.

Grand Total: 389 creatures vanquished

Notes
Turn   | Place    | Note
-------+----------+-------------------------------------------
     0 | D:1      | Pelinal the Hill Orc Fighter began the quest for the Orb.
     0 | D:1      | Reached XP level 1. HP: 19/19 MP: 1/1
    62 | D:1      | Found a large runed translucent door.
    62 | D:1      | Found a large runed translucent door.
    71 | D:1      | Reached skill level 3 in Axes
    71 | D:1      | Reached XP level 2. HP: 26/27 MP: 2/2
   133 | D:1      | Found Nyiwk's One-of-a-Kind Rings.
   221 | D:1      | Found a faded altar of an unknown god.
   337 | D:1      | Prayed at the altar of an unknown god.
   337 | D:1      | Became a worshipper of Warmaster Okawaru
   337 | D:1      | Reached * piety under Okawaru
   883 | D:1      | Reached skill level 1 in Invocations
  1108 | D:1      | Reached XP level 3. HP: 21/33 MP: 3/3
  1293 | D:1      | Reached skill level 4 in Axes
  1310 | D:1      | HP: 1/33 [orc/+0 whip (1)]
  1313 | D:1      | Reached XP level 4. HP: 1/40 MP: 3/5
  1781 | D:2      | Noticed Terence
  1789 | D:2      | Killed Terence
  1790 | D:2      | Reached skill level 5 in Axes
  2020 | D:2      | Reached XP level 5. HP: 46/46 MP: 7/7
  2112 | D:2      | Noticed Jessica
  2142 | D:2      | Killed Jessica
  2515 | D:3      | Identified the +1 ring mail "Qotu Bez" {rElec Str-4 Int+2}
  2517 | D:3      | Noticed Robin
  2525 | D:3      | Reached skill level 6 in Axes
  2528 | D:3      | Reached XP level 6. HP: 52/52 MP: 7/9
  2540 | D:3      | Killed Robin
  2645 | D:3      | Noticed Natasha
  2659 | D:3      | Killed Natasha
  2690 | D:3      | Reached skill level 5 in Invocations
  2799 | D:3      | Found a sacrificial altar of Ru.
  2942 | D:3      | Noticed Natasha
  2950 | D:3      | Killed Natasha
  3129 | D:3      | Noticed Natasha
  3140 | D:3      | Killed Natasha
  3352 | D:4      | Noticed a black bear
  3360 | D:4      | Killed a black bear
  3361 | D:4      | Reached skill level 7 in Axes
  3361 | D:4      | Reached skill level 1 in Dodging
  3361 | D:4      | Reached XP level 7. HP: 52/59 MP: 7/10
  3362 | D:4      | Found a broken altar of Ashenzari.
  3576 | D:4      | Reached ** piety under Okawaru
  3612 | D:4      | Found a snail-covered altar of Cheibriados.
  3771 | D:4      | Noticed Dowan
  3773 | D:4      | Noticed Duvessa
  3783 | D:4      | Killed Duvessa
  3805 | D:4      | Killed Dowan
  3939 | D:4      | Reached XP level 8. HP: 55/67 MP: 11/11
  4061 | D:4      | Found Acok's Distillery.
  4106 | D:4      | Reached skill level 8 in Axes
  4131 | D:4      | Reached skill level 5 in Fighting
  4210 | D:4      | Identified the ring of Linylo {Drain rElec rPois rC+++
                  | MP+9}
  4316 | D:4      | Found an ancient bone altar of Kikubaaqudgha.
  4460 | D:5      | Entered Level 5 of the Dungeon
  5878 | D:6      | Reached *** piety under Okawaru
  5879 | D:6      | Reached skill level 9 in Axes
  5879 | D:6      | Reached skill level 5 in Armour
  5879 | D:6      | Reached skill level 5 in Shields
  6277 | D:6      | Reached XP level 9. HP: 75/75 MP: 12/12
  6713 | D:6      | Reached skill level 10 in Axes
  6948 | D:7      | Found Ofeol's Book Boutique.
  7033 | D:7      | Reached **** piety under Okawaru
  7399 | D:7      | Found a staircase to the Ecumenical Temple.
  7469 | D:7      | Noticed Prince Ribbit
  7483 | D:7      | Killed Prince Ribbit
  7528 | D:7      | Found Loroeb's Jewellery Shop.
  7889 | D:7      | Noticed Maggie
  7908 | D:7      | Killed Maggie
  7909 | D:7      | Reached skill level 11 in Axes
  8517 | D:8      | Reached XP level 10. HP: 66/86 MP: 13/13
  8695 | D:8      | Noticed a gargoyle
  8720 | D:8      | Killed a gargoyle
  8910 | D:8      | Reached ***** piety under Okawaru
  8947 | D:8      | Found a glowing golden altar of the Shining One.
  8980 | D:8      | Found Ymedovif's Weapon Boutique.
  9144 | D:8      | Found a burning altar of Makhleb.
  9231 | D:9      | Noticed Psyche
  9247 | D:9      | Killed Psyche
  9248 | D:9      | Reached skill level 12 in Axes
  9554 | D:9      | Noticed Maurice
  9594 | D:9      | Killed Maurice
  9820 | D:9      | Reached skill level 13 in Axes
  9825 | D:9      | Reached XP level 11. HP: 92/95 MP: 15/15
 10196 | D:10     | Entered Level 10 of the Dungeon
 10269 | D:10     | Found a flagged portal.
 10306 | Bailey   | Entered a bailey
 10499 | Bailey   | Noticed an orc knight
 10511 | Bailey   | Killed an orc knight
 10541 | Bailey   | Reached skill level 15 in Axes
 10541 | Bailey   | Reached skill level 5 in Dodging
 10541 | Bailey   | Reached XP level 12. HP: 55/103 MP: 18/18
 10870 | D:10     | Found a staircase to the Lair.
 11068 | D:10     | Received a gift from Okawaru
 11322 | D:10     | Found a staircase to the Orcish Mines.
 11334 | D:10     | Found a roughly hewn altar of Beogh.
 11917 | D:10     | Noticed a centaur warrior
 11923 | D:10     | Killed a centaur warrior
 11924 | D:10     | Reached skill level 10 in Invocations
 11996 | D:10     | Noticed Harold
 12014 | D:10     | Killed Harold
 12015 | D:10     | Reached skill level 16 in Axes
 12215 | Lair:1   | Entered Level 1 of the Lair of Beasts
 12232 | Lair:1   | Noticed a five-headed hydra
 12248 | Lair:1   | Killed a ten-headed hydra
 12295 | Lair:1   | Reached skill level 17 in Axes
 12304 | Lair:1   | Reached XP level 13. HP: 19/108 MP: 22/22
 12592 | Lair:1   | Reached ****** piety under Okawaru
 13228 | Lair:1   | Received a gift from Okawaru
 13790 | Lair:2   | Reached skill level 1 in Evocations
 15012 | Lair:3   | Found a staircase to the Shoals.
 15051 | Lair:3   | Quit the game

Illustrated notes

Levels and vault maps discovered:
D:1:      erik_arrival_cave_to_civilisation [erik_arrival_cave_to_temple],
          layout_loops_ring, dreamdust_ecumenical_altar_hidden_monk_grotto,
          hangedman_decor_growths, kennysheep_pointless_box,
          nicolae_shop_unique_rings
D:2:      layout_rooms, corexii_corridor_pit, uniq_terence, uniq_jessica
D:3:      layout_basic, nicolae_ru_path_of_blood, uniq_natasha, uniq_robin
D:4:      layout_loops_cross, mainiacjoe_overflow_surrounded_room,
          mainiacjoe_overflow_catwalk, nicolae_overflow_crystal_walls,
          serial_shops, shop, minmay_misc_feat_square, minivault_4, uniq_duvessa
D:5:      layout_basic, minmay_misc_feat_pillars, grunt_decor_mini_mirrors
D:6:      layout_basic, sigmund_army
D:7:      layout_loops_corners, minmay_temple_entry_wispy, serial_shops,
          nicolae_shop_stone, grunt_ministairs_13, nicolae_stop_n_shop_1,
          minmay_misc_feat_tiny, uniq_prince_ribbit1, uniq_maggie
D:8:      layout_rooms, makhleb_blood_cavern_becter,
          mainiacjoe_overflow_alcove_1, serial_shops, shop
D:9:      layout_rooms, kennysheep_generic_room_10, uniq_maurice, uniq_psyche
D:10:     minmay_cornered_nines, layout_long_grid, dpeg_oklobed_lair,
          minmay_orc_entry_temple_small, enter_bailey_5, minmay_misc_feat_cross,
          uniq_harold
Lair:1:   layout_regular_city, grunt_forest_large_clearings, grunt_megastairs_1,
          infiniplex_staircase_pool
Lair:2:   layout_chaotic_city, serial_bayou_crossing,
          infiniplex_staircase_pool_2, serial_bayou_shore_b
Lair:3:   layout_long_grid, elwin_shoals_entry_rocks,
          spider_nest_entry_funnel_web, beast_lair_carwin_1

Skill      XL: |  1  2  3  4  5  6  7  8  9 10 11 12 13 |
---------------+----------------------------------------+-----
Axes           | 3 4 5 6 7 9 11 13 15 17 | 17.2
Invocations    | 1 2 3 4 5 8 12 | 12.4
Fighting       | 4 5 7 8 9 |  9.2
Dodging        | 1 2 3 4 5 6 |  6.3
Armour         | 4 5 6 7 8 9 |  9.3
Shields        | 4 5 6 7 8 9 |  9.2
Evocations     | 2 |  2.0

Action                   |  1- 3 |  4- 6 |  7- 9 | 10-12 | 13-15 || total
-------------------------+-------+-------+-------+-------+-------++-------
Melee: War axe           |    86 |   154 |   366 |   423 |   216 ||  1245
Invok: Heroism           |     1 |     4 |     8 |    10 |       ||    23
       Finesse           |       |       |       |     2 |       ||     2
Evoke: Wand              |       |       |       |     4 |    15 ||    19
  Use: Scroll            |       |     6 |     1 |       |     7 ||    14
       Potion            |       |       |       |     2 |       ||     2
Armor: Scale mail        |    76 |    84 |   153 |   177 |   101 ||   591
       Ring mail         |       |     8 |       |       |       ||     8
Dodge: Dodged            |    70 |    80 |   158 |   210 |   102 ||   620
Block: Buckler           |    30 |    44 |   102 |   142 |   147 ||   465

Table legend: (Time is in decaauts)
 A = Elapsed time spent in this place.
 B = Non-inter-level travel time spent in this place.
 C = Inter-level travel time spent in this place.
 D = Time resting spent in this place.
 E = Time spent auto-exploring this place.
 F = Levels seen in this place.
 G = Mean time per level.
                   A        B        C        D        E       F      G
               +--------+--------+--------+--------+--------+-----+--------+
         Total |  14977 |  14675 |    302 |   2736 |   9228 |  14 | 1069.8 |
       Dungeon |  11992 |  11738 |    254 |   2410 |   7221 |  10 | 1199.2 |
          Lair |   2505 |   2457 |     48 |    314 |   1774 |   3 |  835.0 |
        Bailey |    480 |    480 |      0 |     12 |    233 |   1 |  480.0 |
               +--------+--------+--------+--------+--------+-----+--------+

Top non-repeatable levels by time:
    D:10: 1752 daAuts
     D:7: 1733 daAuts
     D:1: 1715 daAuts
  Lair:2: 1247 daAuts
     D:5: 1226 daAuts
     D:4: 1188 daAuts
  Lair:1: 1147 daAuts
     D:6: 1080 daAuts
     D:9: 946 daAuts
     D:3: 874 daAuts
     D:2: 760 daAuts
     D:8: 715 daAuts
  Bailey: 480 daAuts
  Lair:3: 110 daAuts
